 Dungeon Crawl Stone Soup version 0.30-a0-1075-gcd70e7a56d (webtiles) character file.

Game seed: 4166828562837143830

2195 kae the Severer (level 9, 0/70 HPs)
             Began as a Hill Orc Fighter on Apr 14, 2023.
             Slain by a hornet (1 damage)
             ... on level 6 of the Dungeon.
             The game lasted 00:07:09 (5579 turns).

kae the Severer (Hill Orc Fighter)                  Turns: 5579, Time: 00:07:10

Health: 0/70       AC: 10    Str: 27    XL:     9   Next: 34%
Magic:  0/9        EV:  9    Int:  7    God:
Gold:   369        SH:  4    Dex:  9    Spells: 8/8 levels left

rFire   + . .      SeeInvis .    a - +2 war axe (protect)
rCold   . . .      Faith    .    c - +0 buckler
rNeg    . . .      Spirit   +    b - +0 scale mail
rPois   .          Reflect  .    (no helmet)
rElec   .          Rampage  .    (no cloak)
rCorr   .                        (no gloves)
Will    .....                    p - +2 pair of boots Stlth
                                 G - amulet of guardian spirit
HPRegen 0.31/turn                (no ring)
MPRegen 0.11/turn                (no ring)

@: lethally poisoned (0 -> -2), attractive, slowed, very slow
A: fire resistance 1, strong 1, subdued magic 1
a: no special abilities


You were on level 6 of the Dungeon.
You visited 1 branch of the dungeon, and saw 6 of its levels.
You also visited: Sewer and Ossuary.

You collected 369 gold pieces.


Innate Abilities, Weirdness & Mutations

Your flesh is heat resistant. (rF+)
Your muscles are strong. (Str +4, Int/Dex -1)
Your spells are a little easier to cast, but a little less powerful.


   Skills:
 - Level 3.6 Fighting
 + Level 15.6 Axes
 - Level 3.2 Armour
 - Level 3.2 Shields


You had 8 spell levels left.
You didn't know any spells.
Your spell library contained the following spells:

 Spells                   Type           Power      Damage    Failure   Level
 Slow                     Hex            0%         N/A       77%         1
 Lesser Beckoning         Tloc           0%         N/A       88%         2
 Static Discharge         Conj/Air       0%         2-2/arc   88%         2
 Confusing Touch          Hex            0%         N/A       98%         3
 Gell's Gravitas          Tloc           0%         N/A       98%         3
 Teleport Other           Tloc           0%         N/A       98%         3
 Vampiric Draining        Necr           0%         2d6       98%         3
 Airstrike                Air            0%         2d(0-16)  100%        4
 Summon Lightning Spire   Summ/Air       0%         N/A       100%        4

Inventory:

Hand Weapons
 a - a +2 war axe of protection (weapon)
Missiles
 i - 51 stones (quivered)
 t - 14 poisoned darts
Armour
 b - a +0 scale mail (worn)
 c - a +0 buckler (worn)
 p - a +2 pair of boots (worn)
   (You found it on level 2 of the Dungeon)
Jewellery
 e - an amulet of reflection
   (You found it on level 4 of the Dungeon)
 G - an amulet of guardian spirit (around neck)
   (You found it on level 1 of the Dungeon)
Scrolls
 f - a scroll of noise {!r}
 h - a scroll of fog
 r - 2 scrolls of enchant armour
 s - a scroll of teleportation {@r4}
Potions
 g - 3 potions of degeneration {!q}
 j - 4 potions of brilliance
 k - 3 potions of haste {@q3}
 l - 2 potions of cancellation
 m - a potion of invisibility
 u - a potion of ambrosia
 v - a potion of resistance {unknown}
 w - 2 potions of curing {unknown}
 x - a potion of flight {unknown}
 z - a potion of might

Dungeon Overview and Level Annotations

Branches:
Dungeon (6/15) Zot: 26638   Sewer (visited)         Ossuary (visited)
 Temple: D:4-7

Altars:

Shops:
D:3

( .....# ...##
.....###...#
......##...#
......##...#
...........#
..?..####..#####
...†........#..#####
...........[.......##
.....#........#y@...##..
.....##.......#...#....#
..#..##.......##...#####
..#..............### .
..........#....##
..........###.....#
........#.......#####
....................##
..............#


You could see a hornet.


Message History

The hornet buzzes angrily.
You aren't carrying any items that you can evoke.
Okay, then.
Okay, then. 😎 MP[+1]
Your mp is fully restored (9).
You slash the hornet!
Your weapon exudes an aura of protection.
The hornet closely misses you.
You barely miss the hornet. The hornet stings you.
You are poisoned.
You feel yourself slow down. 😕 HP[-2]
You take 2 damage, and now have 68/70 hp.
You hit the hornet but do no damage.
You feel very sick.
The hornet stings you but does no damage.
The hornet stings you!
You are more poisoned.
You feel as though you will be slow longer. 😕 HP[-15] MP[-1]
You take 15 damage, and now have 53/70 hp.
MASSIVE DAMAGE!! (PAUSE)
You lost 1 mp, and now have 8/9 mp.
You closely miss the hornet.
You feel very sick. The hornet stings you!
You are more poisoned.
You feel as though you will be slow longer.
The hornet stings you!
* * * LOW HITPOINT WARNING * * *
You feel as though you will be slow longer.
Unknown command. 😨 HP[-21] MP[-2]
You take 21 damage, and now have 32/70 hp.
MASSIVE DAMAGE!! (PAUSE)
You lost 2 mp, and now have 6/9 mp.
You hit the hornet.
* * * LOW HITPOINT WARNING * * *
You feel extremely sick.
The hornet stings you but does no damage. 😨 HP[-8]
You take 8 damage, and now have 24/70 hp.
Unknown command.
You closely miss the hornet.
* * * LOW HITPOINT WARNING * * *
You feel very sick.
The hornet stings you but does no damage.
You block the hornet's attack. 😨 HP[-6]
You take 6 damage, and now have 18/70 hp.
Unknown command.
You closely miss the hornet.
* * * LOW HITPOINT WARNING * * *
You feel very sick.
The hornet stings you but does no damage.
The hornet closely misses you. 😱 HP[-3]
You take 3 damage, and now have 15/70 hp.
Unknown command.
You barely miss the hornet.
* * * LOW HITPOINT WARNING * * *
You feel very sick.
The hornet stings you but does no damage. 😱 HP[-4]
You take 4 damage, and now have 11/70 hp.
Unknown command.
You slash the hornet!
* * * LOW HITPOINT WARNING * * *
You feel very sick. The hornet stings you.
* * * LOW HITPOINT WARNING * * *
You feel as though you will be slow longer.
You block the hornet's attack. 😱 HP[-4] MP[-1]
You take 4 damage, and now have 7/70 hp.
You lost 1 mp, and now have 5/9 mp.
It was a potion of attraction.
You feel attractive to monsters.
* * * LOW HITPOINT WARNING * * *
You feel very sick. You block the hornet's attack.
The hornet stings you but does no damage. x2 😱 HP[-3]
You take 3 damage, and now have 4/70 hp.
It was a potion of magic.
Magic courses through your body.
* * * LOW HITPOINT WARNING * * *
You feel sick. The hornet stings you.
* * * LOW HITPOINT WARNING * * *
You feel as though you will be slow longer.
The hornet stings you but does no damage. 😱 HP[-3] MP[+3]
You take 3 damage, and now have 1/70 hp.
You regained 3 mp, and now have 8/9 mp.
It was a potion of mutation.
You feel extremely strange.
Your connection to magic feels subdued.
You feel stronger.
You feel resistant to heat.
* * * LOW HITPOINT WARNING * * *
You feel sick. The hornet stings you!
You die...

Skill      XL: |  1  2  3  4  5  6  7  8  9 |
---------------+----------------------------+-----
Axes           | 3 4 5 7 8 9 11 14 15 | 15.6
Fighting       | |  3.6
Armour         | |  3.2
Shields        | |  3.2

Action                     |  1- 3 |  4- 6 |  7- 9 || total
---------------------------+-------+-------+-------++-------
  Melee: War axe           |    81 |   197 |   304 ||   582
  Evoke: Wand              |       |       |     1 ||     1
    Use: Scroll            |       |    11 |     8 ||    19
         Potion            |       |     4 |     4 ||     8
 Armour: Scale mail        |    23 |    92 |   147 ||   262
  Dodge: Dodged            |    38 |    89 |    85 ||   212
  Block: Buckler           |    32 |    43 |    49 ||   124

Levels and vault maps discovered:
D:1:      arrival_zaba_pyramid, layout_rooms
D:2:      layout_basic, hellmonk_ecumenical_altar_dog_temple,
          nicolae_elevator_lobby_asterisk
D:3:      layout_basic, serial_shops, nicolae_shop_advertising_works
          [nicolae_subvault_shop_adworks], gup_sewer_entry_spiral
D:4:      layout_loops_ring, chequers_serial_rivers_micro_d,
          dreamdust_princess_bridge, minmay_misc_feat_more_columns, minivault_24
D:5:      layout_loops_corners, nicolae_ossuary_entry_catacombs,
          chequers_serial_rivers_room_b, nicolae_goblin_pals
D:6:      layout_cave_pools, mainiacjoe_overflow_brackets, lemuel_doored_altar,
          nicolae_uskayaw_en_pointe, minmay_temple_entry_glassed_door,
          uniq_duvessa, uniq_crazy_yiuf_cottage

Notes
Turn   | Place    | Note
-------+----------+-------------------------------------------
     0 | D:1      | kae the Hill Orc Fighter began the quest for the Orb.
     0 | D:1      | Reached XP level 1. HP: 19/19 MP: 1/1
     0 | D:1      | magus.rc [v1.11.3]
   164 | D:1      | Reached skill level 3 in Axes
   207 | D:1      | Reached XP level 2. HP: 18/26 MP: 2/2
   414 | D:1      | Reached skill level 4 in Axes
   438 | D:1      | You pick up a book of Storms and begin reading...
   438 | D:1      | You add the spells Static Discharge, Airstrike and Summon
                  | Lightning Spire to your library.
   767 | D:2      | Reached XP level 3. HP: 25/31 MP: 3/3
   959 | D:2      | Reached skill level 5 in Axes
  1083 | D:2      | Reached XP level 4. HP: 33/39 MP: 4/4
  1303 | D:2      | Reached skill level 6 in Axes
  1385 | D:2      | Found a faded altar of an unknown god.
  1562 | D:3      | Noticed an orc warrior
  1578 | D:3      | Reached skill level 7 in Axes
  1578 | D:3      | Reached XP level 5. HP: 36/45 MP: 2/5
  1596 | D:3      | Killed an orc warrior
  1597 | D:3      | Reached skill level 8 in Axes
  1597 | D:3      | Reached XP level 6. HP: 20/51 MP: 1/6
  1616 | D:3      | You pick up a book of Debilitation and begin reading...
  1616 | D:3      | You add the spells Slow, Vampiric Draining and Confusing
                  | Touch to your library.
  1856 | D:3      | Found Xuche's Weapon Boutique.
  1945 | D:3      | Found a glowing drain.
  1949 | Sewer    | Entered a sewer
  2143 | Sewer    | Found a shimmering altar of Xom.
  2147 | Sewer    | Reached skill level 9 in Axes
  2609 | D:4      | Reached XP level 7. HP: 52/57 MP: 7/7
  2711 | D:4      | Reached skill level 10 in Axes
  3492 | D:5      | Entered Level 5 of the Dungeon
  3521 | D:5      | Reached skill level 11 in Axes
  3686 | D:5      | Reached XP level 8. HP: 64/64 MP: 8/8
  3764 | D:5      | Noticed Ijyb
  3764 | D:5      | Noticed Robin
  3777 | D:5      | Killed Robin
  3778 | D:5      | Killed Ijyb
  3799 | D:5      | Reached skill level 12 in Axes
  3856 | D:5      | Found a sand-covered staircase.
  3872 | Ossuary  | Entered an ossuary
  3933 | Ossuary  | Reached skill level 13 in Axes
  4179 | Ossuary  | Reached skill level 14 in Axes
  4297 | Ossuary  | Reached XP level 9. HP: 61/70 MP: 9/9
  4454 | D:5      | You pick up a book of Displacement and begin reading...
  4454 | D:5      | You add the spells Lesser Beckoning, Gell's Gravitas and
                  | Teleport Other to your library.
  5216 | D:6      | Noticed a +0 short sword
  5216 | D:6      | Noticed a +0 dagger
  5216 | D:6      | Noticed a +0 short sword
  5216 | D:6      | Noticed a +0 dagger
  5216 | D:6      | Noticed Duvessa
  5216 | D:6      | Noticed Dowan
  5217 | D:6      | Noticed a +0 spear
  5219 | D:6      | Noticed a +0 falchion
  5221 | D:6      | Noticed a +0 spear
  5223 | D:6      | Noticed a hornet
  5224 | D:6      | Killed Duvessa
  5225 | D:6      | Reached skill level 15 in Axes
  5225 | D:6      | Killed Dowan
  5225 | D:6      | Paralysed by a hornet for 2 turns
  5396 | D:6      | Noticed a +0 falchion
  5574 | D:6      | HP: 15/70 [poisoned by a hornet]
  5576 | D:6      | HP: 7/70 [hornet (2)]
  5578 | D:6      | HP: 2/70 [poisoned by a hornet]
  5579 | D:6      | Gained mutation: Your spells are a little easier to cast,
                  | but a little less powerful. [potion of mutation]
  5579 | D:6      | Gained mutation: Your muscles are strong. (Str +4, Int/Dex
                  | -1) [potion of mutation]
  5579 | D:6      | Gained mutation: Your flesh is heat resistant. (rF+)
                  | [potion of mutation]
  5579 | D:6      | Slain by a hornet

Vanquished Creatures
  Duvessa (D:6)
  An orc warrior (D:3)
  2 ogres (D:5)
  A centaur (D:4)
  A phantom (D:6)
  An elf skeleton (D:5)
  7 elf zombies
  Dowan (D:6)
  2 howler monkeys
  2 human zombies
  A centaur zombie (Ossuary)
  4 hounds
  2 orc priests (D:4)
  5 jellies
  3 iguanas (D:5)
  Ijyb (D:5)
  3 orc wizards
  3 hound zombies (Ossuary)
  3 mummies (Ossuary)
  Robin (D:5)
  11 adders
  2 river rats (Sewer)
  5 adder zombies (Ossuary)
  4 worms
  A dart slug (D:2)
  16 orcs
  15 endoplasms
  11 giant cockroaches
  A gnoll zombie (Ossuary)
  5 goblins
  8 hobgoblins
  6 jackals
  5 kobolds
  4 quokkas
  6 ball pythons
  9 bats
  6 frilled lizards
  4 goblin zombies (Ossuary)
  3 hobgoblin zombies (Ossuary)
  2 jackal zombies (Ossuary)
  3 kobold zombies (Ossuary)
  2 orc skeletons (D:5)
  2 orc zombies
  3 quokka zombies (Ossuary)
  12 rats
  2 rat zombies (Ossuary)
193 creatures vanquished.

Table legend:
 A = Non-vault XP
 B = Vault XP
 C = Vault XP percentage of total XP
 D = Non-vault monster count
 E = Vault monster count
 F = Vault count percentage of total count
                 A         B        C        D         E       F
            +---------+---------+-------+---------+---------+-------
      Total |    1585 |    1551 |  49.5 |     103 |      90 |  46.6
            +---------+---------+-------+---------+---------+-------
        D:1 |      22 |       0 |   0.0 |      16 |       0 |   0.0
        D:2 |      93 |       4 |   4.1 |      17 |       2 |  10.5
        D:3 |     276 |       8 |   2.8 |      28 |       5 |  15.2
        D:4 |     385 |       0 |   0.0 |      24 |       0 |   0.0
        D:5 |     567 |     297 |  34.4 |      14 |      14 |  50.0
        D:6 |     242 |     222 |  47.8 |       4 |       2 |  33.3
      Sewer |       0 |     166 | 100.0 |       0 |      29 | 100.0
    Ossuary |       0 |     854 | 100.0 |       0 |      38 | 100.0
            +---------+---------+-------+---------+---------+-------

Illustrated notes

Table legend:
 A = Kills in this place as a percentage of kills in the entire game.
 B = Kills by you in this place as a percentage of kills by you in the entire game.
 C = Kills by friends in this place as a percentage of kills by friends in the entire game.
 D = Other kills in this place as a percentage of other kills in the entire game.
 E = Experience gained in this place as a percentage of experience gained in the entire game.
 F = Experience gained in this place divided by the number of levels of this place that you have seen.
                   A       B       C       D       E      F
               +-------+-------+-------+-------+-------+----------------------
         Total | 100.0 | 100.0 |   N/A |   N/A | 100.0 | 392.0
       Dungeon |  65.3 |  65.3 |   N/A |   N/A |  67.5 | 352.7
         Sewer |  15.0 |  15.0 |   N/A |   N/A |   5.3 | 166.0
       Ossuary |  19.7 |  19.7 |   N/A |   N/A |  27.2 | 854.0
               +-------+-------+-------+-------+-------+----------------------

Table legend: (Time is in decaauts)
 A = Elapsed time spent in this place.
 B = Non-inter-level travel time spent in this place.
 C = Inter-level travel time spent in this place.
 D = Time resting spent in this place.
 E = Time spent auto-exploring this place.
 F = Levels seen in this place.
 G = Mean time per level.
                   A        B        C        D        E       F      G
               +--------+--------+--------+--------+--------+-----+--------+
         Total |   5668 |   5361 |    307 |     33 |   3627 |   8 |  708.5 |
       Dungeon |   4761 |   4454 |    307 |     33 |   3067 |   6 |  793.5 |
         Sewer |    390 |    390 |      0 |      0 |    222 |   1 |  390.0 |
       Ossuary |    516 |    516 |      0 |      0 |    338 |   1 |  516.0 |
               +--------+--------+--------+--------+--------+-----+--------+

Top non-repeatable levels by time:
     D:5: 1426 daAuts
     D:2: 945 daAuts
     D:4: 899 daAuts
     D:3: 793 daAuts
     D:1: 572 daAuts
 Ossuary: 516 daAuts
   Sewer: 390 daAuts
     D:6: 124 daAuts
